 Dungeon Crawl Stone Soup version 0.22-a0-392-g5dc3fd9 (webtiles) character file.

168 KristoblXynda the Sneak (level 5, -3/35 HPs)
             Began as a Vampire Enchanter on May 2, 2018.
             Killed from afar by an orc wizard (8 damage)
             ... with a puff of flame
             ... on level 4 of the Dungeon.
             The game lasted 00:07:41 (3899 turns).

KristoblXynda the Sneak (Vampire Enchanter)         Turns: 3899, Time: 00:07:42

Health: -3/35      AC:  0    Str:  7    XL:     5   Next: 23%
Magic:  1/9        EV: 20    Int: 19    God:
Gold:   160        SH:  0    Dex: 19    Spells: 5/10 levels left

rFire    . . .     SeeInvis +   (weapon currently unavailable)
rCold    + . .     Gourm    .   (shield currently unavailable)
rNeg     + + .     Faith    .   (armour currently unavailable)
rPois    +         Spirit   .   (helmet currently unavailable)
rElec    .         Reflect  .   (cloak currently unavailable)
rCorr    .         Harm     .   (gloves currently unavailable)
MR       .....                  (boots currently unavailable)
Stlth    ++++++....             (no amulet)
HPRegen  0.05/turn              (ring currently unavailable)
MPRegen  0.11/turn              (ring currently unavailable)

@: bat-form, flying, very slightly contaminated, regenerating slowly, very quick
A: tiny, fangs 3, see invisible
a: End Transformation


You were on level 4 of the Dungeon.
You were very thirsty.
You were in vampire-bat-form.
You visited 1 branch of the dungeon, and saw 4 of its levels.

You collected 160 gold pieces.

Inventory:

Hand Weapons
 a - a +2 dagger of venom (melded)
 p - a +2 dagger of draining
Armour
 b - a +0 robe (melded)
 e - a +0 helmet (melded)
 g - a scarf of spirit shield (melded)
Jewellery
 r - a cursed ring of teleportation (melded)
Scrolls
 f - a scroll of teleportation
 h - a scroll of identify
 m - 2 scrolls of fear
Potions
 c - 2 potions of haste
 d - 19 potions of blood
 i - 2 potions of magic
 j - a potion of brilliance {unknown}
 k - a potion of berserk rage {unknown}
 l - a potion of mutation {unknown}
 n - 3 potions of lignification
 o - 2 potions of curing {unknown}
 q - a potion of cancellation {unknown}


   Skills:
 - Level 1.1 Short Blades
 - Level 2.1 Dodging
 + Level 6.4 Stealth
 + Level 3.3 Spellcasting
 + Level 6.1 Hexes


You had 5 spell levels left.
You knew the following spells:

 Your Spells              Type           Power        Failure   Level  Hunger
b - Ensorcelled Hibernat  Hex/Ice        ##....       6%          2    ##.....
c - Confuse               Hex            ####....     3%          3    ###....


Dungeon Overview and Level Annotations

Branches:
Dungeon (4/15)
 Temple: D:4-7

Altars:
Okawaru


Innate Abilities, Weirdness & Mutations

You heal slowly.
You have razor-sharp teeth.
You have supernaturally acute eyesight. (SInv)
((You can survive without breathing.))


Message History

The orc wizard misses you.
Casting: Confuse (safe; 3% risk of failure)
Confirm with . or Enter, or press ? or * to list all spells.
You don't know that spell.
Unknown command.
You fail to use your ability.
The orc wizard hits you but does no damage.
You turn into a vampire bat.
Your +2 dagger of venom melds into your body.
Your scarf of spirit shield melds into your body.
Your +0 helmet melds into your body.
Your +0 robe melds into your body.
Your cursed ring of teleportation melds into your body.
Your +2 dagger of venom stops dripping with poison.
You feel strangely alone.
The orc wizard hits you with a vampiric dagger.
* * * LOW HITPOINT WARNING * * *
The orc wizard completely misses you. The orc wizard casts a spell at you.
The puff of flame hits you!
You die...

# # .#. #.# #.# #########
#.# #...[...# #b#
#.#####... #.# #.# ##.# #.#
########o.####.# #.#
#...o..........# ##.##
#.######.####### ....#
##.######.##########
.#..###...#...o..........#
....##......###.########.##


You could see an orc wizard and an orc.

Vanquished Creatures
  A jelly (D:3)
  6 adders
  A worm (D:2)
  4 dart slugs
  3 leopard geckos
  3 orcs
  A ball python (D:3)
  3 giant cockroaches
  10 goblins
  2 hobgoblins
  3 jackals (D:1)
  4 quokkas (D:2)
  5 bats
  5 frilled lizards
  7 kobolds
  6 rats
64 creatures vanquished.

Notes
Turn   | Place    | Note
-------+----------+-------------------------------------------
     0 | D:1      | KristoblXynda the Vampire Enchanter began the quest for the Orb.
     0 | D:1      | Reached XP level 1. HP: 13/13 MP: 3/3
   508 | D:1      | Reached XP level 2. HP: 19/19 MP: 5/5
   513 | D:1      | Learned a level 2 spell: Ensorcelled Hibernation
   556 | D:1      | Reached skill level 5 in Stealth
   882 | D:1      | Reached skill level 5 in Hexes
  1001 | D:2      | Reached XP level 3. HP: 24/24 MP: 6/6
  1110 | D:2      | Learned a level 3 spell: Confuse
  1278 | D:2      | Found an iron altar of Okawaru.
  1634 | D:2      | Reached XP level 4. HP: 30/30 MP: 2/8
  3085 | D:3      | Reached XP level 5. HP: 35/35 MP: 9/9
  3899 | D:4      | Killed from afar by an orc wizard

Vault maps used:
D:1:      lemuel_arrival_rhombus, minivault_14, minmay_crystal_water
D:2:      overflow_temple_1_default, serial_co_window_serial, co_window_paths_a,
          co_window_paths_a, co_window_corner_a, co_window_corner_a,
          co_window_paths_a, co_window_broadway_b, co_window_paths_c,
          co_window_unsneaky_path_a, co_window_corner_ca,
          co_window_unsneaky_path_e, co_window_4corner_a, glass_columns_c,
          glass_columns_a, glass_columns_c, glass_columns_a
D:3:      first_ration
D:4:      corexii_shack_village, serial_shops, kennysheep_mini_moat,
          nicolae_shop_overgrown_old_shop, gup_sewer_entry_bowl, uniq_grinder,
          uniq_sigmund

Skill      XL: |  1  2  3  4 |
---------------+-------------+-----
Stealth        | 5 6 |  6.4
Hexes          | 5 6 |  6.1
Spellcasting   | 3 |  3.3
Short Blades   | |  1.1
Dodging        | |  2.1

Action                   |  1- 3 |  4- 6 || total
-------------------------+-------+-------++-------
Melee: Dagger            |    98 |    52 ||   150
       Bite              |     6 |     3 ||     9
 Cast: Ensorcelled Hiber |    14 |    11 ||    25
       Confuse           |       |     1 ||     1
 Abil: Bat Form          |       |     1 ||     1
  Use: Potion            |     1 |     4 ||     5
       Scroll            |       |     9 ||     9
 Stab: Sleeping          |    18 |    16 ||    34
Armor: Robe              |    22 |     6 ||    28
Dodge: Dodged            |    64 |    32 ||    96

Table legend:
 A = Spawn XP
 B = Non-spawn XP
 C = Spawn XP percentage of total XP
 D = Spawn monster count
 E = Non-spawn monster count
 F = Spawn count percentage of total count
 G = Total turns spent on level
                    A         B        C        D         E        F      G
               +---------+---------+-------+---------+---------+-------+---------
         Total |       0 |     240 |   0.0 |       0 |      64 |   0.0 |  3899
               +---------+---------+-------+---------+---------+-------+---------
           D:1 |       0 |      38 |   0.0 |       0 |      19 |   0.0 |  1000
           D:2 |       0 |      73 |   0.0 |       0 |      20 |   0.0 |  1524
           D:3 |       0 |     125 |   0.0 |       0 |      23 |   0.0 |  1282
           D:4 |       0 |       4 |   0.0 |       0 |       2 |   0.0 |    93
               +---------+---------+-------+---------+---------+-------+---------
